 Dungeon Crawl Stone Soup version 0.31-a0-188-g5e087ee2ca (webtiles) character file.

Game seed: 1659504759438150266

64 qw the Shooter (level 3, -1/20 HPs)
             Began as a Deep Elf Hunter on June 23, 2023.
             Killed from afar by Natasha (7 damage)
             ... with a magic dart
             ... on level 2 of the Dungeon.
             The game lasted 00:00:19 (1305 turns).

qw the Shooter (Deep Elf Hunter)                    Turns: 1305, Time: 00:00:20

Health: -1/20      AC:  5    Str: 10    XL:     3   Next: 91%
Magic:  5/5        EV: 11    Int: 13    God:
Gold:   84         SH:  0    Dex: 18    Spells: 2/2 levels left

rFire   . . .        Y - +0 shortbow
rCold   . . .        (shield currently unavailable)
rNeg    . . .        d - +0 ring mail
rPois   .            (no helmet)
rElec   .            (no cloak)
rCorr   .            (no gloves)
SInv    .            (no boots)
Will    .....        (no amulet)
Stlth   +            (no ring)
HPRegen 0.23/turn    (no ring)
MPRegen 0.09/turn

%: no passive effects
@: no status effects
A: no striking features
a: no special abilities


You were on level 2 of the Dungeon.
You visited 1 branch of the dungeon, and saw 2 of its levels.

You collected 84 gold pieces.


   Skills:
 - Level 1.5 Fighting
 + Level 7.3 Ranged Weapons
 - Level 2.4 Dodging
 - Level 1.2 Stealth


You had 2 spell levels left.
You didn't know any spells.
Your spell library was empty.

Inventory:

Hand Weapons
 Y - a +0 shortbow (weapon)
Armour
 d - a +0 ring mail (worn)
Scrolls
 a - 3 scrolls of identify
 b - a scroll of immolation {unknown}
Potions
 c - a potion of enlightenment {unknown}
 f - a potion of haste {unknown}
 g - a potion of invisibility {unknown}

Dungeon Overview and Level Annotations

Branches:
Dungeon (2/15)

Altars:
Gozag

Annotations:
D:2 Natasha


Message History

Found a leather armour.
You see here a +0 dagger.
Enter note:
Enter note:
Enter note:
Enter note:
Enter note:
Enter note:
a - 3 scrolls of identify (gained 1)
You open the door.
There is an open door here.
Natasha and a bat come into view.
Enter note:
Enter note:
Enter note:
Enter note:
Enter note:
Enter note: You shoot an arrow.
The arrow hits the bat.
You kill the bat!
Natasha casts a spell at you. The magic dart hits you!
You shoot an arrow. The arrow hits Natasha.
Natasha is moderately wounded.
You shoot an arrow. The arrow barely misses Natasha.
Natasha mumbles some strange words.
1302 ||| Stepping ~*~*~tactically~*~*~ (outnumbered).
You shoot an arrow. The arrow hits the cerulean imp.
The cerulean imp is lightly wounded.
You shoot an arrow. The arrow hits Natasha!
Natasha is severely wounded.
The cerulean imp barely misses you.
Natasha stares at you and mumbles some strange words.
The magic dart hits you!
The cerulean imp hits you but does no damage.
You shoot an arrow. The arrow hits Natasha.
Natasha is severely wounded.
Natasha stares at you and mumbles some strange words.
The magic dart hits you!
You die...

# # #. ..#.# # ###. #..#.# +
...+ ... #.... # ...### #..
#######..# # .....###.h
#........# # .......#..
#........# ####
.......#.5####........#
...##...._....h.@.'........#
##..#.......#..####.......##
###.........#.. #######.# #
##....##..... #.# ####....#
####. #####.# ........# #.#
#..[..####### ........###
#.# ##............
..........# #.#
#......####### ....####.)##
#.#####......#####


You could see Natasha and a cerulean imp (summoned).

Vanquished Creatures
  An adder (D:2)
  3 gnolls (D:2)
  A dart slug (D:1)
  4 endoplasms (D:1)
  2 giant cockroaches (D:1)
  2 goblins (D:2)
  2 hobgoblins (D:1)
  3 kobolds
  A quokka (D:1)
  2 bats
  2 rats (D:1)
23 creatures vanquished.

Notes
Turn   | Place    | Note
-------+----------+-------------------------------------------
     0 | D:1      | qw the Deep Elf Hunter began the quest for the Orb.
     0 | D:1      | Reached XP level 1. HP: 12/12 MP: 3/3
     0 | D:1      | 0 ||| qw: Version: 0.3-a-9-g12657ce
     0 | D:1      | 0 ||| qw: Game counter: 3465
     0 | D:1      | 0 ||| qw: Always use a shield: true
     0 | D:1      | 0 ||| qw: God list: Okawaru
     0 | D:1      | 0 ||| qw: Allow faded altars: false
     0 | D:1      | 0 ||| qw: Do Orc after D:15 true
     0 | D:1      | 0 ||| qw: Do second Lair branch before Depths: true
     0 | D:1      | 0 ||| qw: Lair rune preference: random
     0 | D:1      | 0 ||| qw: Plans: Normal
     0 | D:1      | 0 ||| PLANNING D:1-11
   266 | D:1      | Reached skill level 6 in Ranged Weapons
   266 | D:1      | Reached XP level 2. HP: 16/16 MP: 4/4
   857 | D:1      | 857 ||| UPGRADING to +0 ring mail.
   867 | D:1      | 867 ||| DROPPING +0 leather armour.
   868 | D:1      | 868 ||| READING scroll labelled EGYTWU QUKA.
   869 | D:1      | 869 ||| READING scroll labelled UPLAGHARAE.
   870 | D:1      | 870 ||| READING scroll labelled VUIDIEBRIU.
   871 | D:1      | 871 ||| DROPPING scroll of butterflies.
   954 | D:2      | Found an opulent altar of Gozag.
  1109 | D:2      | Reached XP level 3. HP: 20/20 MP: 5/5
  1121 | D:2      | Reached skill level 7 in Ranged Weapons
  1298 | D:2      | Noticed Natasha
  1302 | D:2      | 1302 ||| Stepping ~*~*~tactically~*~*~ (outnumbered).
  1305 | D:2      | Killed from afar by Natasha

Levels and vault maps discovered:
D:1:      dpeg_arrival_concentric_ovals, layout_loops_corners, minivault_23
D:2:      layout_basic, basic_altar, shapermc_ecumenical_altar_ellora,
          uniq_natasha

Skill      XL: |  1  2  3 |
---------------+----------+-----
Ranged Weapons | 6 7 |  7.3
Fighting       | |  1.5
Dodging        | |  2.4
Stealth        | |  1.2

Action                     || total
---------------------------++-------
   Fire: Shortbow          ||    62
    Use: Scroll            ||     3
 Armour: Ring mail         ||     4
         Leather armour    ||     1
  Dodge: Dodged            ||    12

Table legend:
 A = Non-vault XP
 B = Vault XP
 C = Vault XP percentage of total XP
 D = Non-vault monster count
 E = Vault monster count
 F = Vault count percentage of total count
                 A         B        C        D         E       F
            +---------+---------+-------+---------+---------+-------
      Total |      92 |       0 |   0.0 |      23 |       0 |   0.0
            +---------+---------+-------+---------+---------+-------
        D:1 |      27 |       0 |   0.0 |      14 |       0 |   0.0
        D:2 |      65 |       0 |   0.0 |       9 |       0 |   0.0
            +---------+---------+-------+---------+---------+-------
